 Dungeon Crawl Stone Soup version 0.24.1-8-ga250c9d538 (webtiles) character file.

Game seed: 10761771070870843477, levelgen mode: deterministic

2315 Lemonice the Poker (level 9, -1/74 HPs)
             Began as a Purple Draconian Skald on Apr 27, 2020.
             Was an Initiate of Ashenzari.
             Slain by an orc warrior
             ... wielding a +0 flail
              (11 damage)
             ... on level 7 of the Dungeon.
             The game lasted 00:22:24 (8397 turns).

Lemonice the Poker (Purple Draconian Skald)         Turns: 8397, Time: 00:22:24

Health: -1/74      AC:  9    Str: 17    XL:     9   Next: 18%
Magic:  13/16      EV: 18    Int: 14    God:    Ashenzari [......]
Gold:   392        SH: 10    Dex: 15    Spells: 10/18 levels left

rFire    . . .     SeeInvis .   o - +0 trident
rCold    . . .     Gourm    .   b - +0 shield (curse)
rNeg     . . .     Faith    .   (armour unavailable)
rPois    .         Spirit   .   (helmet restricted)
rElec    .         Reflect  .   v - +0 cloak {MR+} (curse)
rCorr    .         Harm     .   i - +0 pair of gloves (curse)
MR       ++...                  (no boots)
Stlth    ++++......             (no amulet)
HPRegen  0.22/turn              j - ring of stealth (curse)
MPRegen  0.15/turn              (no ring)

@: agile, short of breath, infused, flying, hasted, very quick
A: breathe power, unfitting armour, talons 2, cold-blooded, AC +7
a: Breathe Dispelling Energy, Curse Item, Renounce Religion


You were on level 7 of the Dungeon.
You worshipped Ashenzari.
Ashenzari was noncommittal.
You were not hungry.

You visited 2 branches of the dungeon, and saw 8 of its levels.

You collected 392 gold pieces.

Inventory:

Hand Weapons
 a - a +0 spear
 o - a +0 trident (weapon)
 q - a +2 quarterstaff of speed
 s - a +0 short sword
Missiles
 m - 2 atropa-tipped darts (quivered)
Armour
 b - a cursed +0 shield (worn)
 i - a cursed +0 pair of gloves (worn)
 v - a cursed +0 cloak of magic resistance (worn)
Jewellery
 h - an uncursed amulet of magic regeneration
 j - a cursed ring of stealth (left hand)
 u - an uncursed amulet of faith
Wands
 t - a wand of scattershot (6)
 w - a wand of flame (23)
 C - a wand of acid (5)
Scrolls
 d - 3 scrolls of random uselessness {unknown}
 e - 9 scrolls of identify {unknown}
 f - a scroll of immolation {unknown}
 k - a scroll of enchant armour {unknown}
 l - 3 scrolls of remove curse
 n - a scroll of fear {unknown}
 r - a scroll of blinking {unknown}
 x - 2 scrolls of teleportation {unknown}
 y - a scroll of magic mapping {unknown}
Potions
 g - a potion of degeneration
 B - 2 potions of mutation
Comestibles
 c - 8 rations
 D - a chunk of flesh


   Skills:
 + Level 5.0 Fighting
 * Level 6.4 Polearms
 + Level 4.5 Dodging
 - Level 1.1 Stealth
 * Level 5.6 Shields
 + Level 5.2 Spellcasting
 + Level 6.0 Charms


You had 10 spell levels left.
You knew the following spells:

 Your Spells              Type           Power        Failure   Level  Hunger
a - Infusion              Chrm           ###.         4%          1    None
b - Song of Slaying       Chrm           ###.....     8%          2    ##.....
c - Regeneration          Chrm/Necr      ##........   45%         3    ###....
d - Shroud of Golubria    Chrm/Tloc      ##....       26%         2    ##.....

Your spell library contained the following spells:

 Spells                   Type           Power        Failure   Level  Hunger
 Spectral Weapon          Hex/Chrm       ##......     45%         3    ###....


Dungeon Overview and Level Annotations

Branches:
Dungeon (7/15)             Temple (1/1) D:6

Altars:
Ashenzari
Cheibriados
Dithmenos
Elyvilon
Fedhas
Gozag
Hepliaklqana
Makhleb
Nemelex Xobeh
Ru
Trog
Wu Jian
Xom
Yredelemnul
Zin
The Shining One

Shops:
D:6 %

Annotations:
D:5 2 transporters, Curus's ghost, novice MiMo


Innate Abilities, Weirdness & Mutations

You can breathe bolts of dispelling energy.
Your rich purple scales are hard. (AC +7)
You cannot fit into any form of body armour.
You are cold-blooded and may be slowed by cold attacks.
You have razor-sharp toenails.


Message History

* * * LOW HITPOINT WARNING * * *
Attack whom?
Press: ? - help, Dir - move target cursor, f/p - orc priest
Aim: an orc priest, wielding a +0 falchion and wearing a +0 ring mail (severely wounded)
You reach to attack!
Your shield prevents you from hitting the orc priest.
The orc priest is severely wounded.
The orc priest calls down the wrath of Beogh upon you.
Beogh smites you!
* * * LOW HITPOINT WARNING * * *
You block the orc warrior's attack.
It was a potion of flight.
You feel very buoyant.
You fly up into the air.
It was a potion of agility.
You feel agile all of a sudden. The orc warrior misses you.
You feel yourself speed up.
The orc warrior hits you with a +0 flail!
You die...

###
#.######.#
#oo..o...#
#o######.#
#@# #.#
#.# #.#
#.# #.#
#.# #.#
#.# #


You could see an orc warrior, an orc priest and an orc.

Vanquished Creatures
  A hungry ghost (D:7)
  Duvessa (D:7)
  A black bear (D:6)
  2 ogres
  3 centaurs
  2 big kobolds (D:7)
  A bullfrog (D:7)
  Dowan (D:7)
  3 scorpions
  4 killer bees (D:7)
  5 crimson imps
  2 hounds
  A bullfrog skeleton (D:6)
  A centaur skeleton (D:6)
  3 orc priests
  Crazy Yiuf (D:6)
  Ijyb (D:5)
  2 iguanas (D:7)
  4 orc wizards
  3 worker ants
  Natasha (twice) (D:2)
  A killer bee zombie (D:7)
  A hound skeleton (D:4)
  2 howler monkey zombies
  3 gnolls (D:5)
  5 adders
  2 shadow imps
  2 oozes
  An adder zombie (D:5)
  2 worms
  A dart slug (D:1)
  6 leopard geckos
  17 orcs
  2 ball pythons
  9 giant cockroaches
  6 goblins
  8 hobgoblins
  11 jackals
  22 kobolds
  A quokka (D:5)
  10 bats
  A jackal zombie (D:6)
  A quokka skeleton (D:6)
  7 rats
165 creatures vanquished.

Notes
Turn   | Place    | Note
-------+----------+-------------------------------------------
     0 | D:1      | Lemonice the Draconian Skald began the quest for the Orb.
     0 | D:1      | Reached XP level 1. HP: 17/17 MP: 3/3
   186 | D:1      | Reached XP level 2. HP: 3/24 MP: 5/5
   909 | D:1      | You fall into a shaft and drop 1 floor!
  1081 | D:1      | Reached XP level 3. HP: 30/30 MP: 6/6
  1293 | D:2      | Noticed Natasha
  1324 | D:2      | Killed Natasha
  1324 | D:2      | Reached skill level 1 in Stealth
  1605 | D:2      | Reached XP level 4. HP: 30/37 MP: 2/7
  1793 | D:2      | Learned a level 2 spell: Song of Slaying
  1797 | D:2      | Learned a level 3 spell: Regeneration
  2258 | D:2      | Noticed Natasha
  2265 | D:2      | Killed Natasha
  2552 | D:3      | Reached XP level 5. HP: 42/44 MP: 8/8
  3194 | D:4      | Reached skill level 1 in Shields
  3355 | D:4      | Found a burning altar of Makhleb.
  4042 | D:5      | Entered Level 5 of the Dungeon
  4119 | D:5      | Reached XP level 6. HP: 22/51 MP: 2/9
  4212 | D:5      | Found a shadowy altar of Dithmenos.
  4598 | D:5      | Found a transporter.
  4630 | D:5      | Noticed Curus's ghost (novice MiMo)
  4651 | D:5      | Found a transporter.
  4651 | D:5      | Noticed Ijyb
  4667 | D:5      | Killed Ijyb
  5067 | D:6      | Your scales start taking on a rich purple colour.
  5067 | D:6      | Reached XP level 7. HP: 21/57 MP: 3/12
  5262 | D:6      | Found a staircase to the Ecumenical Temple.
  5270 | Temple   | Entered the Ecumenical Temple
  5306 | Temple   | Became a worshipper of Ashenzari the Shackled
  5330 | Temple   | Learned a level 2 spell: Shroud of Golubria
  5767 | D:6      | Found Peniet's Food Boutique.
  5779 | D:6      | Reached skill level 5 in Charms
  5902 | D:6      | Reached skill level 5 in Polearms
  5907 | D:6      | Reached XP level 8. HP: 16/66 MP: 9/14
  6277 | D:6      | Found a runed translucent door.
  6278 | D:6      | Noticed Crazy Yiuf
  6288 | D:6      | Killed Crazy Yiuf
  6382 | D:6      | Found an ornate altar of the Wu Jian Council.
  6586 | D:7      | Gained mutation: You are dopey. (Int -2) [potion of
                  | mutation]
  6586 | D:7      | Gained mutation: You have large cloven feet. [potion of
                  | mutation]
  6884 | D:6      | Lost mutation: You are dopey. (Int -2) [potion of mutation]
  6884 | D:6      | Lost mutation: You have large cloven feet. [potion of
                  | mutation]
  6884 | D:6      | Gained mutation: You have sharp toenails. [potion of
                  | mutation]
  6884 | D:6      | Gained mutation: You have razor-sharp toenails. [potion of
                  | mutation]
  7496 | D:7      | Noticed Duvessa
  7506 | D:7      | Killed Duvessa
  7506 | D:7      | Reached skill level 5 in Shields
  7507 | D:7      | Noticed Dowan
  7513 | D:7      | Killed Dowan
  7554 | D:7      | Reached skill level 5 in Spellcasting
  7840 | D:7      | Reached XP level 9. HP: 51/73 MP: 11/16
  7972 | D:7      | Reached skill level 5 in Fighting
  8397 | D:7      | Slain by an orc warrior

Levels and vault maps discovered:
D:1:      mrwooster_arrival_arrow, layout_loops_ring, serial_aquarium,
          aquarium_bridge_long_separate [aquarium_subvault_wall,
          aquarium_subvault_bridge, aquarium_subvault_window,
          aquarium_subvault_balcony, aquarium_subvault_bridge,
          aquarium_subvault_window], aquarium_bridge_square
          [aquarium_subvault_wall, aquarium_subvault_wall,
          aquarium_subvault_bridge, aquarium_subvault_balcony],
          aquarium_window_1, aquarium_window_corner, aquarium_window_fake,
          aquarium_window_1, aquarium_view_2g
D:2:      layout_loops_ring, uniq_natasha
D:3:      layout_basic, minmay_misc_feat_plants
D:4:      layout_loops_ring, marbit_many_paths
D:5:      layout_loops_ring, gammafunk_ghost_hive, first_ration,
          grunt_dithmenos_shadows, uniq_ijyb
D:6:      layout_rooms, kennysheep_little_box, minmay_temple_entry_tees,
          serial_glass, glass_columns_c, glass_columns_a, serial_shops,
          shop_statue, uniq_crazy_yiuf_cottage
D:7:      layout_basic, uniq_duvessa
Temple:   cyrus_circular_temple

Skill      XL: |  1  2  3  4  5  6  7  8  9 |
---------------+----------------------------+-----
Charms         | 3 4 5 6 |  6.0
Stealth        | 1 |  1.1
Polearms       | 3 4 5 6 |  6.4
Fighting       | 3 4 5 |  5.0
Shields        | 1 2 3 5 |  5.6
Dodging        | 3 4 |  4.5
Spellcasting   | 3 4 5 |  5.2

Action                   |  1- 3 |  4- 6 |  7- 9 || total
-------------------------+-------+-------+-------++-------
Melee: Spear             |   122 |    21 |       ||   143
       Tailslap          |    11 |    31 |    22 ||    64
       Trident           |       |   362 |   318 ||   680
       Kick              |       |       |    33 ||    33
 Cast: Infusion          |     2 |    11 |    19 ||    32
       Regeneration      |       |     7 |       ||     7
       Song of Slaying   |       |     2 |     3 ||     5
       Shroud of Golubri |       |       |     2 ||     2
Invok: Curse Item        |       |       |     2 ||     2
 Abil: Breathe Dispellin |       |       |     9 ||     9
  Use: Potion            |       |       |     9 ||     9
 Stab: Sleeping          |     7 |     9 |     2 ||    18
  Eat: Chunk             |     2 |    13 |     8 ||    23
       Ration            |       |       |     2 ||     2
Armor: Skin              |    30 |   115 |   100 ||   245
Dodge: Dodged            |    57 |   254 |   158 ||   469
Block: Shield            |       |       |   161 ||   161
